Workbook

Sheet PRESUPUESTO GENERAL
A1: IMPLEMENTACION DE ESTRATEGIAS PROMOCIONALES Y DE PREVENCION DE LAS CONDUCTAS AUTODESTRUCTIVAS Y DE SUICIDIO EN LA INFANCIA, ADOLESCENTE Y JOVENES , QUE AFECTA LA SALUD MENTAL EN EL MUNICIPIO DE HATONUEVO – LA GUAJIRA
A2: PRODUCTOS | B2: ACTIVIDADES | C2: UNIDAD DE MEDIDA | D2: CANTIDAD | E2: VALOR UNITARIO 2023 | F2: VALOR TOTAL
A4: 1. Implementar estrategias de promoción de la salud mental y amor a la vida en las instituciones educativas, instituciones prestadoras de servicios en salud, gremios y organizaciones de jóvenes y personas con afectaciones sicosociales | B4: A.1.1 Lanzamiento y apertura del proyecto Implementacion de estrategias promocionales y de prevencion de las conductas autodestructivas y de suicidio en adolescente y jovenes como problema de salud publica en el municipio de Hatonuevo – La Guajira | C4: Lanzamiento para la socialización y sensibilización del proyecto | D4: 1 | E4: ='A.1.1'!H35 -> 10000000 | F4: =E4 -> 10000000
B5: A.1.2 Desarrollar (10) foros en instituciones y sedes educativas sobre la influencia de las redes sociales en la formación de la salud mental y amor a la vida de los jóvenes y adolescentes del municipio | C5: Jovenes y Adolescentes participando de los foros sobre la influencia de las redes sociales | D5: 10 | E5: ='A.1.2'!H33 -> 3500000 | F5: =E5*D5 -> 35000000
B6: A.1.3 Realizar (15) talleres por niveles sobre el desarrollo del auto concepto, la auto estima y el auto reconocimiento para la identificación del amor propio y el amor a la vida. | C6: Jovenes y Adolescentes con conocimientos sobre el auto concepto, auto estima y auto reconocimiento | D6: 15 | E6: ='A.1.3'!H33 -> 3500000 | F6: =E6*D6 -> 52500000
B7: A.1.4 Desarrollar (15) Talleres vivenciales terapéuticos sobre el manejo de respuestas frente a los llamados de atención, advertencias (regaños o castigos) con los jóvenes escolares y padres de familias. | C7: Jóvenes escolares y padres de familias participando de los talleres vivenciales terapeuticos | D7: 15 | E7: ='A.1.4'!H33 -> 3500000 | F7: =E7*D7 -> 52500000
B8: A.1.5 Desarrollar (1) campaña de sensibilización y divulgación en torno a la salud mental y la prevención de conducta autodestructivas y pensamientos suicidas con utilizaciones de herramientas pedagógicas, marketing publicitario (20000 afiches, 5000 plegables, 5 pasa calles, 2 vallas, 4 murales) | C8: Comunidad del municipio de Hatonuevo sensibilizada sobre la prevención de conducta autodestructivas y pensamientos suicidas | D8: 1 | E8: ='A.1.5'!H37 -> 53000000 | F8: =E8 -> 53000000
B9: A.1.6 Implementar (5) cinco estrategias de educación aplicadas a grupos, orientadas al desarrollo de habilidades personales, tales como habilidades para la vida; fomento de la resiliencia - afrontamiento; comunicación en jóvenes líderes, familia; apoyo social y entre pares; agentes promotores de la salud mental. | C9: Jovenes lideres, familia orientadas en el desarrollo de habilidades personales | D9: 5 | E9: ='A.1.6'!H29 -> 2700000 | F9: =E9*D9 -> 13500000
B10: A.1.7 Realizar actividades educativas y comunicativas, mediante (15) quince teatros callejeros, para promover en las comunidades la resiliencia | C10: Teatros callejeros realizados para promover en la comunidad la resiliencia | D10: 15 | E10: ='A.1.7'!H27 -> 4500000 | F10: =E10*D10 -> 67500000
A11: 2. Implementar estrategias preventivas de conductas autodestructivas y de intento de suicidio en adolescentes y jóvenes y casos con afectaciones sicosociales en las instituciones educativas, instituciones prestadoras de servicios en salud, gremios y organizaciones de jóvenes | B11: A.2.1 Realizar (1) un tamizaje en salud mental a grupos poblacionales priorizados por riesgo de conducta autodestructiva y comportamiento suicida (previa gestión del acceso a servicios a las personas que requieran atención | C11: Grupos poblacionales priorizados por riesgo de conducta autodestructiva y comportamiento suicida tamizados | D11: 1 | E11: ='A.2.1'!H28 -> 2600000 | F11: 2600000
B12: A.2.2 Realizar intervenciones breves, Sesiones y terapias de grupo mediante la orientación y consejería en jóvenes, adolescentes con riesgos de intento de suicidio | C12: Intervenciones breves, sesiones y terapias en grupo realizadas | D12: 1 | E12: ='A.2.2'!H28 -> 2000000 | F12: =E12 -> 2000000
B13: A.2.3 Realizar (10) Diez rondas de visita domiciliaria solicitadas y concertadas a la familia victimas de problemas con integrantes que han presentado conductas autodestructivas y de suicidios y atención e intervencion al integrante de la familia que lo solicite. | C13: Numero de visitas domiciliarias solicitadas y realizadas | D13: 10 | E13: ='A.2.3'!H28 -> 2400000 | F13: =E13*D13 -> 24000000
B14: A.2.4 Acompañamiento de servicios individuales a personas en alto riesgo de conducta suicida, los sobrevivientes y personas cercanas (familiares, compañeros). | C14: Numero de personas en alto de riesgo de conducta suicida familiares con acompañamiento | D14: 1 | E14: ='A.2.4'!H25 -> 1000000 | F14: =E14 -> 1000000
B15: A.2.5 Desarrollar (15) Quince talleres para fortalecer la convivencia escolar y prevenir e intervenir el acoso entre pares en el entorno educativo y generar alianzas intersectoriales mediante la participación en los comités territoriales de convivencia escolar. | C15: Jovenes escolares, docentes, familias con capacidades para fortalecer la convivencia escolar y prevenir el acoso | D15: 15 | E15: ='A.2.5'!H30 -> 3900000 | F15: =E15*D15 -> 58500000
B16: A.2.6 Desarrollar actividades de prevención de las conductas autodestructivas y de suicidio mediante la orientación y consejería en dispositivos comunitarios y de bajo umbral tales como Centros de Escucha, Zonas de Orientación Escolar | C16: Centros de escucha, Zonas de Orientación Escolar implementados | D16: 4 | E16: ='A.2.6'!H29 -> 2100000 | F16: =E16*D16 -> 8400000
B17: A.2.7 Apoyar la conformación y fortalecimiento de (2) tres grupos de ayuda mutua en salud mental en el Municipio de Hatonuevo | C17: Conformación de tres grupos de ayuda en salud mental | D17: 2 | E17: ='A.2.7'!H25 -> 1000000 | F17: =E17*D17 -> 2000000
B18: A.2.8 Desarrollar (15) Quince capacitaciones sobre al acompañamiento a las iniciativas socio comunitarias con sobrevivientes de la conducta suicida, a líderes y agentes comunitarios, auxiliares y agentes de salud. | C18: Líderes y agentes comunitarios, auxiliares y agentes de salud con capacidades en iniciativas socio comunitarias | D18: 15 | E18: ='A.2.8'!H30 -> 2600000 | F18: =E18*D18 -> 39000000
B19: A.2.9 Desarrollar (15) Quince talleres vivenciales para orientar como identificar síntomas de alteraciones mentales, emocional y personal de alguno de sus conocidos, frente a una idea y comportamiento suicida, a los estudiantes, profesores y orientadores escolares | C19: Estudiantes, profesores y orientadores escolares con capacidades para identificar sintomas de alteraciones mentales frente a una idea y comportamiento suicida | D19: 15 | E19: ='A.2.9'!H30 -> 2100000 | F19: =E19*D19 -> 31500000
A20: 3. Desarrollar acciones articuladas con instituciones, actores y sectores competentes para la prevención y atención de conductas autodestructivas e intento suicida en infancia, adolescentes y jóvenes. | B20: A.3.1 Desarrollar (12) Doce talleres a profesionales de la salud, líderes sociales y comunitarios, docentes, cuidadores y familias en primeros auxilios psicológicos, signos de alarma para conducta suicida y estrategias de afrontamiento. | C20: Profesionales de la salud, líderes sociales y comunitarios, docentes, cuidadores y familias con capacidades en primeros auxilios psicológicos y signos de alarma para conducta suicida | D20: 12 | E20: ='A.3.1'!H28 -> 5100000 | F20: =E20*D20 -> 61200000
B21: A.3.2 Desarrollar (5) cinco intervenciones mediante estrategias que permitan desarrollar conocimientos y prácticas ancestrales para la promoción de la salud mental y la prevención de la conducta suicida en diferentes culturas. (formación espiritual respetando la libertad de credo) | C21: Comunidad con conocimientos en practicas ancentrales para la promoción de la salud mental y la prevención de la conducta suicida | D21: 5 | E21: ='A.3.2'!H28 -> 2300000 | F21: =E21*D21 -> 11500000
B22: A.3.3 Desarrollar un plan de medios para la Implementacion de estrategias promocionales y de prevencion de las conductas autodestructivas y de suicidio en adolescente y jovenes como problema de salud publica en el municipio de Hatonuevo – La Guajira | C22: Comunidad del municipio de Hatonuevo informada | D22: 1 | E22: ='A.3.3'!H29 -> 46100000 | F22: =E22 -> 46100000
B23: A.3.4 Contratar el Traslado y transporte de los profesionales para la ejecucion de las actividades de promoción (1 Vehículo) | C23: Contratos del traslado y transporte requerido | D23: 4 | E23: ='A.3.4'!H25 -> 5500000 | F23: =E23*D23 -> 22000000
B24: A.3.5 Realizar un (1) Cierre y/o Clausura del proyecto Implementacion de estrategias promocionales y de prevencion de las conductas autodestructivas y de suicidio en adolescente y jovenes como problema de salud publica en el municipio de Hatonuevo – La Guajira | C24: Evento de Clausura del proyecto Implementacion de estrategias promocionales y de prevencion de las conductas autodestructivas y de suicidio en adolescente y jovenes como problema de salud publica en el municipio de Hatonuevo – La Guajira | D24: 1 | E24: ='A.3.5'!H32 -> 6200000 | F24: =E24 -> 6200000
A25: IMPLEMENTACION DE ESTRATEGIAS PROMOCIONALES Y DE PREVENCION DE LAS CONDUCTAS AUTODESTRUCTIVAS Y DE SUICIDIO EN LA INFANCIA, ADOLESCENTE Y JOVENES , QUE AFECTA LA SALUD MENTAL EN EL MUNICIPIO DE HATONUEVO – LA GUAJIRA | F25: =F4+F5+F6+F7+F8+F9+F10+F11+F12+F13+F14+F15+F16+F17+F18+F19+F20+F21+F22+F23+F24 -> 600000000
A34: LUIS ALFONSO RODRIGUEZ ANDRIOLY
A35: Secretaria de Salud Municipal

Sheet A.1.1
B2: REPUBLICA DE COLOMBIA MUNICIPIO DE HATONUEVO | D2: ANÁLISIS DE COSTOS
B5: IMPLEMENTACIÓN DE ESTRATEGIAS PROMOCIONALES Y DE PREVENCIÓN DE LAS CONDUCTAS AUTODESTRUCTIVAS Y DE SUICIDIO QUE AFECTAN LA SALUD MENTAL EN LA INFANCIA, ADOLESCENCIA Y JÓVENES EN EL MUNICIPIO DE HATONUEVO – LA GUAJIRA
B7: 1. Implementar estrategias de promoción de la salud mental y amor a la vida en las instituciones educativas, instituciones prestadoras de servicios en salud, gremios y organizaciones de jóvenes y personas con afectaciones sicosociales | G7: ESPECIFICACIÓN:
B8: ITEM: | G8: UNIDAD : | H8: ='PRESUPUESTO GENERAL'!C4 -> Lanzamiento para la socialización y sensibilización del proyecto
B9: ='PRESUPUESTO GENERAL'!B4 -> A.1.1 Lanzamiento y apertura del proyecto Implementacion de estrategias promocionales y de prevencion de las conductas autodestructivas y de suicidio en adolescente y jovenes como problema de salud publica en el municipio de Hatonuevo – La Guajira | G9: CANT | H9: ='PRESUPUESTO GENERAL'!D4 -> 1
B11: I. CAMPAÑA PUBLICITARIA
B12: Descripción | C12: Unidad | D12: Tiempo | E12: Cantidad | F12: Precio-Unit. | G12: Valor Total.
B13: Plegables de material de alta calidad | C13: Und | D13: 1 | E13: 2000 | F13: 1000 | G13: =F13*E13 -> 2000000
B14: Afiches publicitarios | C14: Und | D14: 1 | E14: 100 | F14: 10000 | G14: =F14*E14 -> 1000000
B15: Pasacalles | C15: und | D15: 1 | E15: 3 | F15: 200000 | G15: =F15*E15 -> 600000
B16: Pendones alusivos al proyecto | C16: und | D16: 1 | E16: 3 | F16: 200000 | G16: =F16*E16 -> 600000
B17: Cuñas radiales | C17: Und | D17: 0 | E17: 0 | F17: 0 | G17: =F17*E17 -> 0
G19: Sub-Total | H19: =G13+G14+G15+G16+G17 -> 4200000
B20: II. TALLER
B21: Descripción | C21: Unidad | D21: Tiempo | E21: Cantidad | F21: Precio-Unit. | G21: Valor Total.
B22: Talento Humano | C22: und | D22: 1 | E22: 2 | F22: 2000000 | G22: =F22*E22 -> 4000000
B23: Alquiler de video beam | C23: Dias | D23: 1 | E23: 1 | F23: 200000 | G23: =F23*E23 -> 200000
B24: Alquiler de computadores | C24: Dias | D24: 1 | E24: 1 | F24: 200000 | G24: =F24*E24 -> 200000
B25: Alquiler de equipo de sonido | C25: Dias | D25: 1 | E25: 1 | F25: 1000000 | G25: =F25*E25 -> 1000000
B26: Alquiler sillas | C26: Und | D26: 1 | E26: 100 | F26: 4000 | G26: =E26*F26 -> 400000
B27: Elementos Bioseguridad | C27: Und | D27: 1 | G27: =E27*F27 -> 0
G28: Sub-Total | H28: =SUM(G22:G27) -> 5800000
B29: III. MATERIAL EDUCATIVO
B30: Descripción | C30: Unidad | D30: Tiempo | E30: Cantidad | F30: Precio-Unit. | G30: Valor Total.
G31: Sub-Total | H31: =0 -> 0
E32: TOTAL
F33: Total Costo Directo | H33: =H28+H19+H31 -> 10000000
G35: TOTAL | H35: =H33 -> 10000000

Sheet A.1.2
B2: REPUBLICA DE COLOMBIA MUNICIPIO DE HATONUEVO | D2: ANÁLISIS DE COSTOS
B5: IMPLEMENTACIÓN DE ESTRATEGIAS PROMOCIONALES Y DE PREVENCIÓN DE LAS CONDUCTAS AUTODESTRUCTIVAS Y DE SUICIDIO QUE AFECTAN LA SALUD MENTAL EN LA INFANCIA, ADOLESCENCIA Y JÓVENES EN EL MUNICIPIO DE HATONUEVO – LA GUAJIRA
B7: 1. Implementar estrategias de promoción de la salud mental y amor a la vida en las instituciones educativas, instituciones prestadoras de servicios en salud, gremios y organizaciones de jóvenes y personas con afectaciones sicosociales | G7: ESPECIFICACIÓN:
B8: ITEM: | G8: UNIDAD : | H8: ='PRESUPUESTO GENERAL'!C5 -> Jovenes y Adolescentes participando de los foros sobre la influencia de las redes sociales
B9: ='PRESUPUESTO GENERAL'!B5 -> A.1.2 Desarrollar (10) foros en instituciones y sedes educativas sobre la influencia de las redes sociales en la formación de la salud mental y amor a la vida de los jóvenes y adolescentes del municipio | G9: CANT | H9: ='PRESUPUESTO GENERAL'!D5 -> 10
B11: I. CAMPAÑA PUBLICITARIA
B12: Descripción | C12: Unidad | D12: Tiempo | E12: Cantidad | F12: Precio-Unit. | G12: Valor Total.
B13: Plegables de material de alta calidad | C13: Und | D13: 1 | E13: 1000 | F13: 1000 | G13: =F13*E13 -> 1000000
B14: Pendones alusivos al proyecto | C14: und | D14: 1 | G14: =F14*E14 -> 0
G16: Sub-Total | H16: =SUM(G13:G14) -> 1000000
B17: II. TALLER
B18: Descripción | C18: Unidad | D18: Tiempo | E18: Cantidad | F18: Precio-Unit. | G18: Valor Total.
B19: Talento Humano | C19: und | D19: 1 | E19: 1 | F19: 1100000 | G19: =F19*E19 -> 1100000
B20: Alquiler de video beam | C20: Dias | D20: 1 | E20: 1 | F20: 150000 | G20: =F20*E20 -> 150000
B21: Alquiler de computadores | C21: Dias | D21: 1 | E21: 1 | F21: 150000 | G21: =F21*E21 -> 150000
B22: Refrigerio | C22: und | D22: 1 | E22: 50 | F22: 8000 | G22: =F22*E22 -> 400000
B23: Alquiler de equipo de sonido | C23: Dias | D23: 1 | E23: 1 | F23: 500000 | G23: =F23*E23 -> 500000
B24: Alquiler sillas | C24: Und | D24: 1 | E24: 50 | F24: 4000 | G24: =E24*F24 -> 200000
B25: Elementos Bioseguridad | C25: Und
G26: Sub-Total | H26: =SUM(G19:G25) -> 2500000
B27: III. MATERIAL EDUCATIVO
B28: Descripción | C28: Unidad | D28: Tiempo | E28: Cantidad | F28: Precio-Unit. | G28: Valor Total.
G29: Sub-Total | H29: =0 -> 0
E30: TOTAL
F31: Total Costo Directo | H31: =H26+H16+H29 -> 3500000
G33: TOTAL | H33: =H31 -> 3500000

Sheet A.1.3
B2: REPUBLICA DE COLOMBIA MUNICIPIO DE HATONUEVO | D2: ANÁLISIS DE COSTOS
B5: IMPLEMENTACIÓN DE ESTRATEGIAS PROMOCIONALES Y DE PREVENCIÓN DE LAS CONDUCTAS AUTODESTRUCTIVAS Y DE SUICIDIO QUE AFECTAN LA SALUD MENTAL EN LA INFANCIA, ADOLESCENCIA Y JÓVENES EN EL MUNICIPIO DE HATONUEVO – LA GUAJIRA
B7: 1. Implementar estrategias de promoción de la salud mental y amor a la vida en las instituciones educativas, instituciones prestadoras de servicios en salud, gremios y organizaciones de jóvenes y personas con afectaciones sicosociales | G7: ESPECIFICACIÓN:
B8: ITEM: | G8: UNIDAD : | H8: ='PRESUPUESTO GENERAL'!C6 -> Jovenes y Adolescentes con conocimientos sobre el auto concepto, auto estima y auto reconocimiento
B9: ='PRESUPUESTO GENERAL'!B6 -> A.1.3 Realizar (15) talleres por niveles sobre el desarrollo del auto concepto, la auto estima y el auto reconocimiento para la identificación del amor propio y el amor a la vida. | G9: CANT | H9: ='PRESUPUESTO GENERAL'!D6 -> 15
B11: I. CAMPAÑA PUBLICITARIA
B12: Descripción | C12: Unidad | D12: Tiempo | E12: Cantidad | F12: Precio-Unit. | G12: Valor Total.
B13: Plegables de material de alta calidad | C13: Und | D13: 1 | E13: 1000 | F13: 1000 | G13: =F13*E13 -> 1000000
B14: Pendones alusivos al proyecto | C14: und | D14: 1 | G14: =F14*E14 -> 0
G16: Sub-Total | H16: =SUM(G13:G14) -> 1000000
B17: II. TALLER
B18: Descripción | C18: Unidad | D18: Tiempo | E18: Cantidad | F18: Precio-Unit. | G18: Valor Total.
B19: Talento Humano | C19: und | D19: 1 | E19: 1 | F19: 1100000 | G19: =F19*E19 -> 1100000
B20: Alquiler de video beam | C20: Dias | D20: 1 | E20: 1 | F20: 150000 | G20: =F20*E20 -> 150000
B21: Alquiler de computadores | C21: Dias | D21: 1 | E21: 1 | F21: 150000 | G21: =F21*E21 -> 150000
B22: Refrigerio | C22: und | D22: 1 | E22: 50 | F22: 8000 | G22: =F22*E22 -> 400000
B23: Alquiler de equipo de sonido | C23: Dias | D23: 1 | E23: 1 | F23: 500000 | G23: =F23*E23 -> 500000
B24: Alquiler sillas | C24: Und | D24: 1 | E24: 50 | F24: 4000 | G24: =E24*F24 -> 200000
B25: Elementos Bioseguridad | C25: Und
G26: Sub-Total | H26: =SUM(G19:G25) -> 2500000
B27: III. MATERIAL EDUCATIVO
B28: Descripción | C28: Unidad | D28: Tiempo | E28: Cantidad | F28: Precio-Unit. | G28: Valor Total.
G29: Sub-Total | H29: =0 -> 0
E30: TOTAL
F31: Total Costo Directo | H31: =H26+H16+H29 -> 3500000
G33: TOTAL | H33: =H31 -> 3500000

Sheet A.1.4
B2: REPUBLICA DE COLOMBIA MUNICIPIO DE HATONUEVO | D2: ANÁLISIS DE COSTOS
B5: IMPLEMENTACIÓN DE ESTRATEGIAS PROMOCIONALES Y DE PREVENCIÓN DE LAS CONDUCTAS AUTODESTRUCTIVAS Y DE SUICIDIO QUE AFECTAN LA SALUD MENTAL EN LA INFANCIA, ADOLESCENCIA Y JÓVENES EN EL MUNICIPIO DE HATONUEVO – LA GUAJIRA
B7: 1. Implementar estrategias de promoción de la salud mental y amor a la vida en las instituciones educativas, instituciones prestadoras de servicios en salud, gremios y organizaciones de jóvenes y personas con afectaciones sicosociales | G7: ESPECIFICACIÓN:
B8: ITEM: | G8: UNIDAD : | H8: ='PRESUPUESTO GENERAL'!C7 -> Jóvenes escolares y padres de familias participando de los talleres vivenciales terapeuticos
B9: ='PRESUPUESTO GENERAL'!B7 -> A.1.4 Desarrollar (15) Talleres vivenciales terapéuticos sobre el manejo de respuestas frente a los llamados de atención, advertencias (regaños o castigos) con los jóvenes escolares y padres de familias. | G9: CANT | H9: ='PRESUPUESTO GENERAL'!D7 -> 15
B11: I. CAMPAÑA PUBLICITARIA
B12: Descripción | C12: Unidad | D12: Tiempo | E12: Cantidad | F12: Precio-Unit. | G12: Valor Total.
B13: Plegables de material de alta calidad | C13: Und | D13: 1 | E13: 1000 | F13: 1000 | G13: =F13*E13 -> 1000000
B14: Pendones alusivos al proyecto | C14: und | G14: =F14*E14 -> 0
G16: Sub-Total | H16: =SUM(G13:G14) -> 1000000
B17: II. TALLER
B18: Descripción | C18: Unidad | D18: Tiempo | E18: Cantidad | F18: Precio-Unit. | G18: Valor Total.
B19: Talento Humano | C19: und | D19: 1 | E19: 1 | F19: 1100000 | G19: =F19*E19 -> 1100000
B20: Alquiler de video beam | C20: Dias | D20: 1 | E20: 1 | F20: 150000 | G20: =F20*E20 -> 150000
B21: Alquiler de computadores | C21: Dias | D21: 1 | E21: 1 | F21: 150000 | G21: =F21*E21 -> 150000
B22: Refrigerio | C22: und | D22: 1 | E22: 50 | F22: 8000 | G22: =F22*E22 -> 400000
B23: Alquiler de equipo de sonido | C23: Dias | D23: 1 | E23: 1 | F23: 500000 | G23: =F23*E23 -> 500000
B24: Alquiler sillas | C24: Und | D24: 1 | E24: 50 | F24: 4000 | G24: =E24*F24 -> 200000
B25: Elementos Bioseguridad | C25: Und
G26: Sub-Total | H26: =SUM(G19:G25) -> 2500000
B27: III. MATERIAL EDUCATIVO
B28: Descripción | C28: Unidad | D28: Tiempo | E28: Cantidad | F28: Precio-Unit. | G28: Valor Total.
G29: Sub-Total | H29: =0 -> 0
E30: TOTAL
F31: Total Costo Directo | H31: =H26+H16+H29 -> 3500000
G33: TOTAL | H33: =H31 -> 3500000

Sheet A.1.5
B2: REPUBLICA DE COLOMBIA MUNICIPIO DE HATONUEVO | D2: ANÁLISIS DE COSTOS
B5: IMPLEMENTACIÓN DE ESTRATEGIAS PROMOCIONALES Y DE PREVENCIÓN DE LAS CONDUCTAS AUTODESTRUCTIVAS Y DE SUICIDIO QUE AFECTAN LA SALUD MENTAL EN LA INFANCIA, ADOLESCENCIA Y JÓVENES EN EL MUNICIPIO DE HATONUEVO – LA GUAJIRA
B7: 1. Implementar estrategias de promoción de la salud mental y amor a la vida en las instituciones educativas, instituciones prestadoras de servicios en salud, gremios y organizaciones de jóvenes y personas con afectaciones sicosociales | G7: ESPECIFICACIÓN:
B8: ITEM: | G8: UNIDAD : | H8: ='PRESUPUESTO GENERAL'!C8 -> Comunidad del municipio de Hatonuevo sensibilizada sobre la prevención de conducta autodestructivas y pensamientos suicidas
B9: ='PRESUPUESTO GENERAL'!B8 -> A.1.5 Desarrollar (1) campaña de sensibilización y divulgación en torno a la salud mental y la prevención de conducta autodestructivas y pensamientos suicidas con utilizaciones de herramientas pedagógicas, marketing publicitario (20000 afiches, 5000 plegables, 5 pasa calles, 2 vallas, 4 murales) | G9: CANT | H9: ='PRESUPUESTO GENERAL'!D8 -> 1
B11: I. CAMPAÑA PUBLICITARIA
B12: Descripción | C12: Unidad | D12: Tiempo | E12: Cantidad | F12: Precio-Unit. | G12: Valor Total.
B13: Plegables de material de alta calidad | C13: Und | D13: 4 | E13: 20000 | F13: 1000 | G13: =F13*E13 -> 20000000
B14: Afiches publicitarios | C14: Und | D14: 4 | E14: 5000 | F14: 6000 | G14: =F14*E14 -> 30000000
B15: Pasacalles | C15: und | D15: 4 | E15: 5 | F15: 200000 | G15: =F15*E15 -> 1000000
B16: Vallas | C16: und | D16: 4 | E16: 2 | F16: 300000 | G16: =F16*E16 -> 600000
B17: Murales | C17: Und | D17: 4 | E17: 4 | F17: 350000 | G17: =F17*E17 -> 1400000
G19: Sub-Total | H19: =SUM(G13:G17) -> 53000000
B20: II. TALLER
B21: Descripción | C21: Unidad | D21: Tiempo | E21: Cantidad | F21: Precio-Unit. | G21: Valor Total.
B22: Talento Humano | C22: und | G22: =F22*E22 -> 0
B23: Alquiler de video beam | C23: Dias | G23: =F23*E23 -> 0
B24: Alquiler de computadores | C24: Dias | G24: =F24*E24 -> 0
B25: Refrigerio | C25: und | G25: =F25*E25 -> 0
B26: Pendones alusivos al proyecto con el tema | C26: Und | G26: =F26*E26 -> 0
B27: Folleto en papel de alta calidad | C27: Und | G27: =F27*E27 -> 0
B28: Alquiler de equipo de sonido | C28: Dias | G28: =F28*E28 -> 0
B29: Alquiler sillas | C29: Und | G29: =E29*F29 -> 0
G30: Sub-Total | H30: =SUM(G22:G29) -> 0
B31: III. MATERIAL EDUCATIVO
B32: Descripción | C32: Unidad | D32: Tiempo | E32: Cantidad | F32: Precio-Unit. | G32: Valor Total.
G33: Sub-Total | H33: =0 -> 0
E34: TOTAL
F35: Total Costo Directo | H35: =H30+H19+H33 -> 53000000
G37: TOTAL | H37: =H35 -> 53000000

Sheet A.1.6
B2: REPUBLICA DE COLOMBIA MUNICIPIO DE HATONUEVO | D2: ANÁLISIS DE COSTOS
B5: IMPLEMENTACIÓN DE ESTRATEGIAS PROMOCIONALES Y DE PREVENCIÓN DE LAS CONDUCTAS AUTODESTRUCTIVAS Y DE SUICIDIO QUE AFECTAN LA SALUD MENTAL EN LA INFANCIA, ADOLESCENCIA Y JÓVENES EN EL MUNICIPIO DE HATONUEVO – LA GUAJIRA
B7: 1. Implementar estrategias de promoción de la salud mental y amor a la vida en las instituciones educativas, instituciones prestadoras de servicios en salud, gremios y organizaciones de jóvenes y personas con afectaciones sicosociales | G7: ESPECIFICACIÓN:
B8: ITEM: | G8: UNIDAD : | H8: ='PRESUPUESTO GENERAL'!C9 -> Jovenes lideres, familia orientadas en el desarrollo de habilidades personales
B9: ='PRESUPUESTO GENERAL'!B9 -> A.1.6 Implementar (5) cinco estrategias de educación aplicadas a grupos, orientadas al desarrollo de habilidades personales, tales como habilidades para la vida; fomento de la resiliencia - afrontamiento; comunicación en jóvenes líderes, familia; apoyo social y entre pares; agentes promotores de la salud mental. | G9: CANT | H9: ='PRESUPUESTO GENERAL'!D9 -> 5
B11: I. CAMPAÑA PUBLICITARIA
B12: Descripción | C12: Unidad | D12: Tiempo | E12: Cantidad | F12: Precio-Unit. | G12: Valor Total.
B13: Plegables de material de alta calidad | C13: Und | D13: 1 | E13: 500 | F13: 1000 | G13: =F13*E13 -> 500000
G15: Sub-Total | H15: =SUM(G13:G13) -> 500000
B16: II. TALLER
B17: Descripción | C17: Unidad | D17: Tiempo | E17: Cantidad | F17: Precio-Unit. | G17: Valor Total.
B18: Talento Humano | C18: und | D18: 1 | E18: 1 | F18: 1500000 | G18: =F18*E18 -> 1500000
B19: Alquiler de video beam | C19: Dias | D19: 1 | E19: 1 | F19: 150000 | G19: =F19*E19 -> 150000
B20: Alquiler de computadores | C20: Dias | D20: 1 | E20: 1 | F20: 150000 | G20: =F20*E20 -> 150000
B21: Refrigerio | C21: und | D21: 1 | E21: 50 | F21: 8000 | G21: =F21*E21 -> 400000
G22: Sub-Total | H22: =SUM(G18:G21) -> 2200000
B23: III. MATERIAL EDUCATIVO
B24: Descripción | C24: Unidad | D24: Tiempo | E24: Cantidad | F24: Precio-Unit. | G24: Valor Total.
G25: Sub-Total | H25: =0 -> 0
E26: TOTAL
F27: Total Costo Directo | H27: =H22+H15+H25 -> 2700000
G29: TOTAL | H29: =H27 -> 2700000

Sheet A.1.7
B2: REPUBLICA DE COLOMBIA MUNICIPIO DE HATONUEVO | D2: ANÁLISIS DE COSTOS
B5: IMPLEMENTACIÓN DE ESTRATEGIAS PROMOCIONALES Y DE PREVENCIÓN DE LAS CONDUCTAS AUTODESTRUCTIVAS Y DE SUICIDIO QUE AFECTAN LA SALUD MENTAL EN LA INFANCIA, ADOLESCENCIA Y JÓVENES EN EL MUNICIPIO DE HATONUEVO – LA GUAJIRA
B7: 1. Implementar estrategias de promoción de la salud mental y amor a la vida en las instituciones educativas, instituciones prestadoras de servicios en salud, gremios y organizaciones de jóvenes y personas con afectaciones sicosociales | G7: ESPECIFICACIÓN:
B8: ITEM: | G8: UNIDAD : | H8: ='PRESUPUESTO GENERAL'!C10 -> Teatros callejeros realizados para promover en la comunidad la resiliencia
B9: ='PRESUPUESTO GENERAL'!B10 -> A.1.7 Realizar actividades educativas y comunicativas, mediante (15) quince teatros callejeros, para promover en las comunidades la resiliencia | G9: CANT | H9: ='PRESUPUESTO GENERAL'!D10 -> 15
B11: I. CAMPAÑA PUBLICITARIA
B12: Descripción | C12: Unidad | D12: Tiempo | E12: Cantidad | F12: Precio-Unit. | G12: Valor Total.
B13: Pendones alusivos al proyecto | C13: und | G13: =F13*E13 -> 0
G15: Sub-Total | H15: =SUM(G13:G13) -> 0
B16: II. TALLER
B17: Descripción | C17: Unidad | D17: Tiempo | E17: Cantidad | F17: Precio-Unit. | G17: Valor Total.
B18: Talento Humano | C18: und | D18: 1 | E18: 2 | F18: 2000000 | G18: =F18*E18 -> 4000000
B19: Alquiler de equipo de sonido | C19: Dias | D19: 1 | E19: 1 | F19: 500000 | G19: =F19*E19 -> 500000
G20: Sub-Total | H20: =SUM(G18:G19) -> 4500000
B21: III. MATERIAL EDUCATIVO
B22: Descripción | C22: Unidad | D22: Tiempo | E22: Cantidad | F22: Precio-Unit. | G22: Valor Total.
G23: Sub-Total | H23: =0 -> 0
E24: TOTAL
F25: Total Costo Directo | H25: =H20+H15+H23 -> 4500000
G27: TOTAL | H27: =H25 -> 4500000

Sheet A.2.1
B2: REPUBLICA DE COLOMBIA MUNICIPIO DE HATONUEVO | D2: ANÁLISIS DE COSTOS
B5: IMPLEMENTACIÓN DE ESTRATEGIAS PROMOCIONALES Y DE PREVENCIÓN DE LAS CONDUCTAS AUTODESTRUCTIVAS Y DE SUICIDIO QUE AFECTAN LA SALUD MENTAL EN LA INFANCIA, ADOLESCENCIA Y JÓVENES EN EL MUNICIPIO DE HATONUEVO – LA GUAJIRA
B7: 2. Implementar estrategias preventivas de conductas autodestructivas y de intento de suicidio en adolescentes y jóvenes y casos con afectaciones sicosociales en las instituciones educativas, instituciones prestadoras de servicios en salud, gremios y organizaciones de jóvenes | G7: ESPECIFICACIÓN:
B8: ITEM: | G8: UNIDAD : | H8: ='PRESUPUESTO GENERAL'!C11 -> Grupos poblacionales priorizados por riesgo de conducta autodestructiva y comportamiento suicida tamizados
B9: ='PRESUPUESTO GENERAL'!B11 -> A.2.1 Realizar (1) un tamizaje en salud mental a grupos poblacionales priorizados por riesgo de conducta autodestructiva y comportamiento suicida (previa gestión del acceso a servicios a las personas que requieran atención | G9: CANT | H9: ='PRESUPUESTO GENERAL'!D11 -> 1
B11: I. CAMPAÑA PUBLICITARIA
B12: Descripción | C12: Unidad | D12: Tiempo | E12: Cantidad | F12: Precio-Unit. | G12: Valor Total.
B13: Formatos y material impreso para captura de información | C13: Und | D13: 1 | E13: 300 | F13: 1500 | G13: =F13*E13 -> 450000
G15: Sub-Total | H15: =SUM(G13:G13) -> 450000
B16: II. TALLER
B17: Descripción | C17: Unidad | D17: Tiempo | E17: Cantidad | F17: Precio-Unit. | G17: Valor Total.
B18: Talento Humano | C18: und | D18: 1 | E18: 1 | F18: 2000000 | G18: =F18*E18 -> 2000000
B19: Alquiler de computadores | C19: Dias | D19: 1 | E19: 1 | F19: 150000 | G19: =F19*E19 -> 150000
B20: Elementos Bioseguridad | C20: Und | G20: =E20*F20 -> 0
G21: Sub-Total | H21: =SUM(G18:G20) -> 2150000
B22: III. MATERIAL EDUCATIVO
B23: Descripción | C23: Unidad | D23: Tiempo | E23: Cantidad | F23: Precio-Unit. | G23: Valor Total.
G24: Sub-Total | H24: =0 -> 0
E25: TOTAL
F26: Total Costo Directo | H26: =H21+H15+H24 -> 2600000
G28: TOTAL | H28: =H26 -> 2600000

Sheet A.2.2
B2: REPUBLICA DE COLOMBIA MUNICIPIO DE HATONUEVO | D2: ANÁLISIS DE COSTOS
B5: IMPLEMENTACIÓN DE ESTRATEGIAS PROMOCIONALES Y DE PREVENCIÓN DE LAS CONDUCTAS AUTODESTRUCTIVAS Y DE SUICIDIO QUE AFECTAN LA SALUD MENTAL EN LA INFANCIA, ADOLESCENCIA Y JÓVENES EN EL MUNICIPIO DE HATONUEVO – LA GUAJIRA
B7: 2. Implementar estrategias preventivas de conductas autodestructivas y de intento de suicidio en adolescentes y jóvenes y casos con afectaciones sicosociales en las instituciones educativas, instituciones prestadoras de servicios en salud, gremios y organizaciones de jóvenes | G7: ESPECIFICACIÓN:
B8: ITEM: | G8: UNIDAD : | H8: ='PRESUPUESTO GENERAL'!C12 -> Intervenciones breves, sesiones y terapias en grupo realizadas
B9: ='PRESUPUESTO GENERAL'!B12 -> A.2.2 Realizar intervenciones breves, Sesiones y terapias de grupo mediante la orientación y consejería en jóvenes, adolescentes con riesgos de intento de suicidio | G9: CANT | H9: ='PRESUPUESTO GENERAL'!D12 -> 1
B11: I. CAMPAÑA PUBLICITARIA
B12: Descripción | C12: Unidad | D12: Tiempo | E12: Cantidad | F12: Precio-Unit. | G12: Valor Total.
B13: Plegables de material de alta calidad | C13: Und | D13: 1 | F13: 1000 | G13: =F13*E13 -> 0
G15: Sub-Total | H15: =SUM(G13:G13) -> 0
B16: II. TALLER
B17: Descripción | C17: Unidad | D17: Tiempo | E17: Cantidad | F17: Precio-Unit. | G17: Valor Total.
B18: Talento Humano | C18: und | D18: 3 | E18: 1 | F18: 1850000 | G18: =F18*E18 -> 1850000
B19: Alquiler de computadores | C19: Dias | D19: 1 | E19: 1 | F19: 150000 | G19: =F19*E19 -> 150000
B20: Elementos Bioseguridad | C20: Und
G21: Sub-Total | H21: =SUM(G18:G20) -> 2000000
B22: III. MATERIAL EDUCATIVO
B23: Descripción | C23: Unidad | D23: Tiempo | E23: Cantidad | F23: Precio-Unit. | G23: Valor Total.
G24: Sub-Total | H24: =0 -> 0
E25: TOTAL
F26: Total Costo Directo | H26: =H21+H15+H24 -> 2000000
G28: TOTAL | H28: =H26 -> 2000000

Sheet A.2.3
B2: REPUBLICA DE COLOMBIA MUNICIPIO DE HATONUEVO | D2: ANÁLISIS DE COSTOS
B5: IMPLEMENTACIÓN DE ESTRATEGIAS PROMOCIONALES Y DE PREVENCIÓN DE LAS CONDUCTAS AUTODESTRUCTIVAS Y DE SUICIDIO QUE AFECTAN LA SALUD MENTAL EN LA INFANCIA, ADOLESCENCIA Y JÓVENES EN EL MUNICIPIO DE HATONUEVO – LA GUAJIRA
B7: 2. Implementar estrategias preventivas de conductas autodestructivas y de intento de suicidio en adolescentes y jóvenes y casos con afectaciones sicosociales en las instituciones educativas, instituciones prestadoras de servicios en salud, gremios y organizaciones de jóvenes | G7: ESPECIFICACIÓN:
B8: ITEM: | G8: UNIDAD : | H8: ='PRESUPUESTO GENERAL'!C13 -> Numero de visitas domiciliarias solicitadas y realizadas
B9: ='PRESUPUESTO GENERAL'!B13 -> A.2.3 Realizar (10) Diez rondas de visita domiciliaria solicitadas y concertadas a la familia victimas de problemas con integrantes que han presentado conductas autodestructivas y de suicidios y atención e intervencion al integrante de la familia que lo solicite. | G9: CANT | H9: 4
B11: I. CAMPAÑA PUBLICITARIA
B12: Descripción | C12: Unidad | D12: Tiempo | E12: Cantidad | F12: Precio-Unit. | G12: Valor Total.
B13: Formatos y material impreso para captura de información | C13: Und | D13: 1 | E13: 250 | F13: 1000 | G13: =F13*E13 -> 250000
G15: Sub-Total | H15: =SUM(G13:G13) -> 250000
B16: II. TALLER
B17: Descripción | C17: Unidad | D17: Tiempo | E17: Cantidad | F17: Precio-Unit. | G17: Valor Total.
B18: Talento Humano | C18: und | D18: 1 | E18: 1 | F18: 2000000 | G18: =F18*E18 -> 2000000
B19: Alquiler de computadores | C19: Dias | D19: 1 | E19: 1 | F19: 150000 | G19: =F19*E19 -> 150000
B20: Elementos Bioseguridad | C20: Und
G21: Sub-Total | H21: =SUM(G18:G20) -> 2150000
B22: III. MATERIAL EDUCATIVO
B23: Descripción | C23: Unidad | D23: Tiempo | E23: Cantidad | F23: Precio-Unit. | G23: Valor Total.
G24: Sub-Total | H24: =0 -> 0
E25: TOTAL
F26: Total Costo Directo | H26: =H21+H15+H24 -> 2400000
G28: TOTAL | H28: =H26 -> 2400000

Sheet A.2.4
B2: REPUBLICA DE COLOMBIA MUNICIPIO DE HATONUEVO | D2: ANÁLISIS DE COSTOS
B5: IMPLEMENTACIÓN DE ESTRATEGIAS PROMOCIONALES Y DE PREVENCIÓN DE LAS CONDUCTAS AUTODESTRUCTIVAS Y DE SUICIDIO QUE AFECTAN LA SALUD MENTAL EN LA INFANCIA, ADOLESCENCIA Y JÓVENES EN EL MUNICIPIO DE HATONUEVO – LA GUAJIRA
B7: 2. Implementar estrategias preventivas de conductas autodestructivas y de intento de suicidio en adolescentes y jóvenes y casos con afectaciones sicosociales en las instituciones educativas, instituciones prestadoras de servicios en salud, gremios y organizaciones de jóvenes | G7: ESPECIFICACIÓN:
B8: ITEM: | G8: UNIDAD : | H8: ='PRESUPUESTO GENERAL'!C14 -> Numero de personas en alto de riesgo de conducta suicida familiares con acompañamiento
B9: ='PRESUPUESTO GENERAL'!B14 -> A.2.4 Acompañamiento de servicios individuales a personas en alto riesgo de conducta suicida, los sobrevivientes y personas cercanas (familiares, compañeros). | G9: CANT | H9: ='PRESUPUESTO GENERAL'!D14 -> 1
B11: I. CAMPAÑA PUBLICITARIA
B12: Descripción | C12: Unidad | D12: Tiempo | E12: Cantidad | F12: Precio-Unit. | G12: Valor Total.
G14: Sub-Total | H14: =0 -> 0
B15: II. TALLER
B16: Descripción | C16: Unidad | D16: Tiempo | E16: Cantidad | F16: Precio-Unit. | G16: Valor Total.
B17: Talento Humano | C17: und | D17: 1 | E17: 1 | F17: 1000000 | G17: =F17*E17 -> 1000000
G18: Sub-Total | H18: =SUM(G17:G17) -> 1000000
B19: III. MATERIAL EDUCATIVO
B20: Descripción | C20: Unidad | D20: Tiempo | E20: Cantidad | F20: Precio-Unit. | G20: Valor Total.
G21: Sub-Total | H21: =0 -> 0
E22: TOTAL
F23: Total Costo Directo | H23: =H18+H14+H21 -> 1000000
G25: TOTAL | H25: =H23 -> 1000000

Sheet A.2.5
B2: REPUBLICA DE COLOMBIA MUNICIPIO DE HATONUEVO | D2: ANÁLISIS DE COSTOS
B5: IMPLEMENTACIÓN DE ESTRATEGIAS PROMOCIONALES Y DE PREVENCIÓN DE LAS CONDUCTAS AUTODESTRUCTIVAS Y DE SUICIDIO QUE AFECTAN LA SALUD MENTAL EN LA INFANCIA, ADOLESCENCIA Y JÓVENES EN EL MUNICIPIO DE HATONUEVO – LA GUAJIRA
B7: 2. Implementar estrategias preventivas de conductas autodestructivas y de intento de suicidio en adolescentes y jóvenes y casos con afectaciones sicosociales en las instituciones educativas, instituciones prestadoras de servicios en salud, gremios y organizaciones de jóvenes | G7: ESPECIFICACIÓN:
B8: ITEM: | G8: UNIDAD : | H8: ='PRESUPUESTO GENERAL'!C15 -> Jovenes escolares, docentes, familias con capacidades para fortalecer la convivencia escolar y prevenir el acoso
B9: ='PRESUPUESTO GENERAL'!B15 -> A.2.5 Desarrollar (15) Quince talleres para fortalecer la convivencia escolar y prevenir e intervenir el acoso entre pares en el entorno educativo y generar alianzas intersectoriales mediante la participación en los comités territoriales de convivencia escolar. | G9: CANT | H9: ='PRESUPUESTO GENERAL'!D15 -> 15
B11: I. CAMPAÑA PUBLICITARIA
B12: Descripción | C12: Unidad | D12: Tiempo | E12: Cantidad | F12: Precio-Unit. | G12: Valor Total.
B13: Plegables de material de alta calidad | C13: Und | D13: 1 | E13: 500 | F13: 1000 | G13: =F13*E13 -> 500000
B14: Pendones alusivos al proyecto | C14: und | D14: 1
G16: Sub-Total | H16: =SUM(G13:G14) -> 500000
B17: II. TALLER
B18: Descripción | C18: Unidad | D18: Tiempo | E18: Cantidad | F18: Precio-Unit. | G18: Valor Total.
B19: Talento Humano | C19: und | D19: 1 | E19: 1 | F19: 1100000 | G19: =F19*E19 -> 1100000
B20: Alquiler de video beam | C20: Dias | D20: 1 | E20: 1 | F20: 150000 | G20: =F20*E20 -> 150000
B21: Alquiler de computadores | C21: Dias | D21: 1 | E21: 1 | F21: 150000 | G21: =F21*E21 -> 150000
B22: Alquiler sillas | C22: Und | D22: 1 | E22: 50 | F22: 40000 | G22: =E22*F22 -> 2000000
G23: Sub-Total | H23: =SUM(G19:G22) -> 3400000
B24: III. MATERIAL EDUCATIVO
B25: Descripción | C25: Unidad | D25: Tiempo | E25: Cantidad | F25: Precio-Unit. | G25: Valor Total.
G26: Sub-Total | H26: =0 -> 0
E27: TOTAL
F28: Total Costo Directo | H28: =H23+H16+H26 -> 3900000
G30: TOTAL | H30: =H28 -> 3900000

Sheet A.2.6
B2: REPUBLICA DE COLOMBIA MUNICIPIO DE HATONUEVO | D2: ANÁLISIS DE COSTOS
B5: IMPLEMENTACIÓN DE ESTRATEGIAS PROMOCIONALES Y DE PREVENCIÓN DE LAS CONDUCTAS AUTODESTRUCTIVAS Y DE SUICIDIO QUE AFECTAN LA SALUD MENTAL EN LA INFANCIA, ADOLESCENCIA Y JÓVENES EN EL MUNICIPIO DE HATONUEVO – LA GUAJIRA
B7: 2. Implementar estrategias preventivas de conductas autodestructivas y de intento de suicidio en adolescentes y jóvenes y casos con afectaciones sicosociales en las instituciones educativas, instituciones prestadoras de servicios en salud, gremios y organizaciones de jóvenes | G7: ESPECIFICACIÓN:
B8: ITEM: | G8: UNIDAD : | H8: ='PRESUPUESTO GENERAL'!C16 -> Centros de escucha, Zonas de Orientación Escolar implementados
B9: ='PRESUPUESTO GENERAL'!B16 -> A.2.6 Desarrollar actividades de prevención de las conductas autodestructivas y de suicidio mediante la orientación y consejería en dispositivos comunitarios y de bajo umbral tales como Centros de Escucha, Zonas de Orientación Escolar | G9: CANT | H9: ='PRESUPUESTO GENERAL'!D16 -> 4
B11: I. CAMPAÑA PUBLICITARIA
B12: Descripción | C12: Unidad | D12: Tiempo | E12: Cantidad | F12: Precio-Unit. | G12: Valor Total.
B13: Plegables de material de alta calidad | C13: Und | D13: 1 | E13: 500 | F13: 1000 | G13: =F13*E13 -> 500000
G15: Sub-Total | H15: =SUM(G13:G13) -> 500000
B16: II. TALLER
B17: Descripción | C17: Unidad | D17: Tiempo | E17: Cantidad | F17: Precio-Unit. | G17: Valor Total.
B18: Talento Humano | C18: und | D18: 1 | E18: 1 | F18: 1100000 | G18: =F18*E18 -> 1100000
B19: Alquiler de video beam | C19: Dias | D19: 1 | E19: 1 | F19: 150000 | G19: =F19*E19 -> 150000
B20: Alquiler de computadores | C20: Dias | D20: 1 | E20: 1 | F20: 150000 | G20: =F20*E20 -> 150000
B21: Alquiler sillas | C21: Und | D21: 1 | E21: 50 | F21: 4000 | G21: =E21*F21 -> 200000
G22: Sub-Total | H22: =SUM(G18:G21) -> 1600000
B23: III. MATERIAL EDUCATIVO
B24: Descripción | C24: Unidad | D24: Tiempo | E24: Cantidad | F24: Precio-Unit. | G24: Valor Total.
G25: Sub-Total | H25: =0 -> 0
E26: TOTAL
F27: Total Costo Directo | H27: =H22+H15+H25 -> 2100000
G29: TOTAL | H29: =H27 -> 2100000

Sheet A.2.7
B2: REPUBLICA DE COLOMBIA MUNICIPIO DE HATONUEVO | D2: ANÁLISIS DE COSTOS
B5: IMPLEMENTACIÓN DE ESTRATEGIAS PROMOCIONALES Y DE PREVENCIÓN DE LAS CONDUCTAS AUTODESTRUCTIVAS Y DE SUICIDIO QUE AFECTAN LA SALUD MENTAL EN LA INFANCIA, ADOLESCENCIA Y JÓVENES EN EL MUNICIPIO DE HATONUEVO – LA GUAJIRA
B7: 2. Implementar estrategias preventivas de conductas autodestructivas y de intento de suicidio en adolescentes y jóvenes y casos con afectaciones sicosociales en las instituciones educativas, instituciones prestadoras de servicios en salud, gremios y organizaciones de jóvenes | G7: ESPECIFICACIÓN:
B8: ITEM: | G8: UNIDAD : | H8: ='PRESUPUESTO GENERAL'!C17 -> Conformación de tres grupos de ayuda en salud mental
B9: ='PRESUPUESTO GENERAL'!B17 -> A.2.7 Apoyar la conformación y fortalecimiento de (2) tres grupos de ayuda mutua en salud mental en el Municipio de Hatonuevo | G9: CANT | H9: ='PRESUPUESTO GENERAL'!D17 -> 2
B11: I. CAMPAÑA PUBLICITARIA
B12: Descripción | C12: Unidad | D12: Tiempo | E12: Cantidad | F12: Precio-Unit. | G12: Valor Total.
G14: Sub-Total | H14: =0 -> 0
B15: II. TALLER
B16: Descripción | C16: Unidad | D16: Tiempo | E16: Cantidad | F16: Precio-Unit. | G16: Valor Total.
B17: Talento Humano | C17: und | D17: 1 | E17: 1 | F17: 1000000 | G17: =F17*E17 -> 1000000
G18: Sub-Total | H18: =SUM(G17:G17) -> 1000000
B19: III. MATERIAL EDUCATIVO
B20: Descripción | C20: Unidad | D20: Tiempo | E20: Cantidad | F20: Precio-Unit. | G20: Valor Total.
G21: Sub-Total | H21: =0 -> 0
E22: TOTAL
F23: Total Costo Directo | H23: =H18+H14+H21 -> 1000000
G25: TOTAL | H25: =H23 -> 1000000

Sheet A.2.8
B2: REPUBLICA DE COLOMBIA MUNICIPIO DE HATONUEVO | D2: ANÁLISIS DE COSTOS
B5: IMPLEMENTACIÓN DE ESTRATEGIAS PROMOCIONALES Y DE PREVENCIÓN DE LAS CONDUCTAS AUTODESTRUCTIVAS Y DE SUICIDIO QUE AFECTAN LA SALUD MENTAL EN LA INFANCIA, ADOLESCENCIA Y JÓVENES EN EL MUNICIPIO DE HATONUEVO – LA GUAJIRA
B7: 2. Implementar estrategias preventivas de conductas autodestructivas y de intento de suicidio en adolescentes y jóvenes y casos con afectaciones sicosociales en las instituciones educativas, instituciones prestadoras de servicios en salud, gremios y organizaciones de jóvenes | G7: ESPECIFICACIÓN:
B8: ITEM: | G8: UNIDAD : | H8: ='PRESUPUESTO GENERAL'!C18 -> Líderes y agentes comunitarios, auxiliares y agentes de salud con capacidades en iniciativas socio comunitarias
B9: ='PRESUPUESTO GENERAL'!B18 -> A.2.8 Desarrollar (15) Quince capacitaciones sobre al acompañamiento a las iniciativas socio comunitarias con sobrevivientes de la conducta suicida, a líderes y agentes comunitarios, auxiliares y agentes de salud. | G9: CANT | H9: ='PRESUPUESTO GENERAL'!D18 -> 15
B11: I. CAMPAÑA PUBLICITARIA
B12: Descripción | C12: Unidad | D12: Tiempo | E12: Cantidad | F12: Precio-Unit. | G12: Valor Total.
B13: Plegables de material de alta calidad | C13: Und | D13: 1 | E13: 500 | F13: 1000 | G13: =F13*E13 -> 500000
G15: Sub-Total | H15: =SUM(G13:G13) -> 500000
B16: II. TALLER
B17: Descripción | C17: Unidad | D17: Tiempo | E17: Cantidad | F17: Precio-Unit. | G17: Valor Total.
B18: Talento Humano | C18: und | D18: 1 | E18: 1 | F18: 1100000 | G18: =F18*E18 -> 1100000
B19: Alquiler de video beam | C19: Dias | D19: 1 | E19: 1 | F19: 150000 | G19: =F19*E19 -> 150000
B20: Alquiler de computadores | C20: Dias | D20: 1 | E20: 1 | F20: 150000 | G20: =F20*E20 -> 150000
B21: Alquiler de equipo de sonido | C21: Dias | D21: 1 | E21: 1 | F21: 500000 | G21: =F21*E21 -> 500000
B22: Alquiler sillas | C22: Und | D22: 1 | E22: 50 | F22: 4000 | G22: =E22*F22 -> 200000
G23: Sub-Total | H23: =SUM(G18:G22) -> 2100000
B24: III. MATERIAL EDUCATIVO
B25: Descripción | C25: Unidad | D25: Tiempo | E25: Cantidad | F25: Precio-Unit. | G25: Valor Total.
G26: Sub-Total | H26: =0 -> 0
E27: TOTAL
F28: Total Costo Directo | H28: =H23+H15+H26 -> 2600000
G30: TOTAL | H30: =H28 -> 2600000

Sheet A.2.9
B2: REPUBLICA DE COLOMBIA MUNICIPIO DE HATONUEVO | D2: ANÁLISIS DE COSTOS
B5: IMPLEMENTACIÓN DE ESTRATEGIAS PROMOCIONALES Y DE PREVENCIÓN DE LAS CONDUCTAS AUTODESTRUCTIVAS Y DE SUICIDIO QUE AFECTAN LA SALUD MENTAL EN LA INFANCIA, ADOLESCENCIA Y JÓVENES EN EL MUNICIPIO DE HATONUEVO – LA GUAJIRA
B7: 2. Implementar estrategias preventivas de conductas autodestructivas y de intento de suicidio en adolescentes y jóvenes y casos con afectaciones sicosociales en las instituciones educativas, instituciones prestadoras de servicios en salud, gremios y organizaciones de jóvenes | G7: ESPECIFICACIÓN:
B8: ITEM: | G8: UNIDAD : | H8: ='PRESUPUESTO GENERAL'!C19 -> Estudiantes, profesores y orientadores escolares con capacidades para identificar sintomas de alteraciones mentales frente a una idea y comportamiento suicida
B9: ='PRESUPUESTO GENERAL'!B19 -> A.2.9 Desarrollar (15) Quince talleres vivenciales para orientar como identificar síntomas de alteraciones mentales, emocional y personal de alguno de sus conocidos, frente a una idea y comportamiento suicida, a los estudiantes, profesores y orientadores escolares | G9: CANT | H9: ='PRESUPUESTO GENERAL'!D19 -> 15
B11: I. CAMPAÑA PUBLICITARIA
B12: Descripción | C12: Unidad | D12: Tiempo | E12: Cantidad | F12: Precio-Unit. | G12: Valor Total.
B13: Plegables de material de alta calidad | C13: Und | D13: 1 | E13: 500 | F13: 1000 | G13: =F13*E13 -> 500000
B14: Pendones alusivos al proyecto | C14: und | D14: 1
G16: Sub-Total | H16: =SUM(G13:G14) -> 500000
B17: II. TALLER
B18: Descripción | C18: Unidad | D18: Tiempo | E18: Cantidad | F18: Precio-Unit. | G18: Valor Total.
B19: Talento Humano | C19: und | D19: 1 | E19: 1 | F19: 1100000 | G19: =F19*E19 -> 1100000
B20: Alquiler de video beam | C20: Dias | D20: 1 | E20: 1 | F20: 150000 | G20: =F20*E20 -> 150000
B21: Alquiler de computadores | C21: Dias | D21: 1 | E21: 1 | F21: 150000 | G21: =F21*E21 -> 150000
B22: Alquiler sillas | C22: Und | D22: 1 | E22: 50 | F22: 4000 | G22: =E22*F22 -> 200000
G23: Sub-Total | H23: =SUM(G19:G22) -> 1600000
B24: III. MATERIAL EDUCATIVO
B25: Descripción | C25: Unidad | D25: Tiempo | E25: Cantidad | F25: Precio-Unit. | G25: Valor Total.
G26: Sub-Total | H26: =0 -> 0
E27: TOTAL
F28: Total Costo Directo | H28: =H23+H16+H26 -> 2100000
G30: TOTAL | H30: =H28 -> 2100000

Sheet A.3.1
B2: REPUBLICA DE COLOMBIA MUNICIPIO DE HATONUEVO | D2: ANÁLISIS DE COSTOS
B5: IMPLEMENTACIÓN DE ESTRATEGIAS PROMOCIONALES Y DE PREVENCIÓN DE LAS CONDUCTAS AUTODESTRUCTIVAS Y DE SUICIDIO QUE AFECTAN LA SALUD MENTAL EN LA INFANCIA, ADOLESCENCIA Y JÓVENES EN EL MUNICIPIO DE HATONUEVO – LA GUAJIRA
B7: 3. Desarrollar acciones articuladas con instituciones, actores y sectores competentes para la prevención y atención de conductas autodestructivas e intento suicida en infancia, adolescentes y jóvenes. | G7: ESPECIFICACIÓN:
B8: ITEM: | G8: UNIDAD : | H8: ='PRESUPUESTO GENERAL'!C20 -> Profesionales de la salud, líderes sociales y comunitarios, docentes, cuidadores y familias con capacidades en primeros auxilios psicológicos y signos de alarma para conducta suicida
B9: ='PRESUPUESTO GENERAL'!B20 -> A.3.1 Desarrollar (12) Doce talleres a profesionales de la salud, líderes sociales y comunitarios, docentes, cuidadores y familias en primeros auxilios psicológicos, signos de alarma para conducta suicida y estrategias de afrontamiento. | G9: CANT | H9: ='PRESUPUESTO GENERAL'!D20 -> 12
B11: I. CAMPAÑA PUBLICITARIA
B12: Descripción | C12: Unidad | D12: Tiempo | E12: Cantidad | F12: Precio-Unit. | G12: Valor Total.
G14: Sub-Total | H14: =0 -> 0
B15: II. TALLER
B16: Descripción | C16: Unidad | D16: Tiempo | E16: Cantidad | F16: Precio-Unit. | G16: Valor Total.
B17: Talento Humano | C17: und | D17: 1 | E17: 2 | F17: 2000000 | G17: =F17*E17 -> 4000000
B18: Alquiler de video beam | C18: Dias | D18: 1 | E18: 1 | F18: 150000 | G18: =F18*E18 -> 150000
B19: Alquiler de computadores | C19: Dias | D19: 1 | E19: 1 | F19: 150000 | G19: =F19*E19 -> 150000
G20: Sub-Total | H20: =SUM(G17:G19) -> 4300000
B21: III. MATERIAL EDUCATIVO
B22: Descripción | C22: Unidad | D22: Tiempo | E22: Cantidad | F22: Precio-Unit. | G22: Valor Total.
B23: Ejemplares plastificados 12 paginas | C23: und | D23: 1 | E23: 100 | F23: 8000 | G23: =F23*E23 -> 800000
G24: Sub-Total | H24: =G23 -> 800000
E25: TOTAL
F26: Total Costo Directo | H26: =H20+H14+H24 -> 5100000
G28: TOTAL | H28: =H26 -> 5100000

Sheet A.3.2
B2: REPUBLICA DE COLOMBIA MUNICIPIO DE HATONUEVO | D2: ANÁLISIS DE COSTOS
B5: IMPLEMENTACIÓN DE ESTRATEGIAS PROMOCIONALES Y DE PREVENCIÓN DE LAS CONDUCTAS AUTODESTRUCTIVAS Y DE SUICIDIO QUE AFECTAN LA SALUD MENTAL EN LA INFANCIA, ADOLESCENCIA Y JÓVENES EN EL MUNICIPIO DE HATONUEVO – LA GUAJIRA
B7: 3. Desarrollar acciones articuladas con instituciones, actores y sectores competentes para la prevención y atención de conductas autodestructivas e intento suicida en infancia, adolescentes y jóvenes. | G7: ESPECIFICACIÓN:
B8: ITEM: | G8: UNIDAD : | H8: ='PRESUPUESTO GENERAL'!C21 -> Comunidad con conocimientos en practicas ancentrales para la promoción de la salud mental y la prevención de la conducta suicida
B9: ='PRESUPUESTO GENERAL'!B21 -> A.3.2 Desarrollar (5) cinco intervenciones mediante estrategias que permitan desarrollar conocimientos y prácticas ancestrales para la promoción de la salud mental y la prevención de la conducta suicida en diferentes culturas. (formación espiritual respetando la libertad de credo) | G9: CANT | H9: ='PRESUPUESTO GENERAL'!D21 -> 5
B11: I. CAMPAÑA PUBLICITARIA
B12: Descripción | C12: Unidad | D12: Tiempo | E12: Cantidad | F12: Precio-Unit. | G12: Valor Total.
B13: Plegables de material de alta calidad | C13: Und | D13: 1 | E13: 500 | F13: 1000 | G13: =F13*E13 -> 500000
G15: Sub-Total | H15: =SUM(G13:G13) -> 500000
B16: II. TALLER
B17: Descripción | C17: Unidad | D17: Tiempo | E17: Cantidad | F17: Precio-Unit. | G17: Valor Total.
B18: Talento Humano | C18: und | D18: 1 | E18: 1 | F18: 1500000 | G18: =F18*E18 -> 1500000
B19: Alquiler de video beam | C19: Dias | D19: 1 | E19: 1 | F19: 150000 | G19: =F19*E19 -> 150000
B20: Alquiler de computadores | C20: Dias | D20: 1 | E20: 1 | F20: 150000 | G20: =F20*E20 -> 150000
G21: Sub-Total | H21: =SUM(G18:G20) -> 1800000
B22: III. MATERIAL EDUCATIVO
B23: Descripción | C23: Unidad | D23: Tiempo | E23: Cantidad | F23: Precio-Unit. | G23: Valor Total.
G24: Sub-Total | H24: =0 -> 0
E25: TOTAL
F26: Total Costo Directo | H26: =H21+H15+H24 -> 2300000
G28: TOTAL | H28: =H26 -> 2300000

Sheet A.3.3
B2: REPUBLICA DE COLOMBIA MUNICIPIO DE HATONUEVO | D2: ANÁLISIS DE COSTOS
B5: IMPLEMENTACIÓN DE ESTRATEGIAS PROMOCIONALES Y DE PREVENCIÓN DE LAS CONDUCTAS AUTODESTRUCTIVAS Y DE SUICIDIO QUE AFECTAN LA SALUD MENTAL EN LA INFANCIA, ADOLESCENCIA Y JÓVENES EN EL MUNICIPIO DE HATONUEVO – LA GUAJIRA
B7: 3. Desarrollar acciones articuladas con instituciones, actores y sectores competentes para la prevención y atención de conductas autodestructivas e intento suicida en infancia, adolescentes y jóvenes. | G7: ESPECIFICACIÓN:
B8: ITEM: | G8: UNIDAD : | H8: ='PRESUPUESTO GENERAL'!C22 -> Comunidad del municipio de Hatonuevo informada
B9: ='PRESUPUESTO GENERAL'!B22 -> A.3.3 Desarrollar un plan de medios para la Implementacion de estrategias promocionales y de prevencion de las conductas autodestructivas y de suicidio en adolescente y jovenes como problema de salud publica en el municipio de Hatonuevo – La Guajira | G9: CANT | H9: ='PRESUPUESTO GENERAL'!D22 -> 1
B11: I. CAMPAÑA PUBLICITARIA
B12: Descripción | C12: Unidad | D12: Tiempo | E12: Cantidad | F12: Precio-Unit. | G12: Valor Total.
B13: Plegables de material de alta calidad | C13: Und | D13: 1 | E13: 15000 | F13: 1000 | G13: =F13*E13 -> 15000000
B14: Afiches publicitarios | C14: Und | D14: 1 | E14: 1000 | F14: 9800 | G14: =F14*E14 -> 9800000
B15: Pasacalles | C15: und | D15: 1 | E15: 22 | F15: 150000 | G15: =F15*E15 -> 3300000
B16: Pendones alusivos al proyecto | C16: und | D16: 1 | G16: =F16*E16 -> 0
B17: Cuñas radiales | C17: Und | D17: 1 | E17: 60 | F17: 300000 | G17: =F17*E17 -> 18000000
G19: Sub-Total | H19: =SUM(G13:G17) -> 46100000
B20: II. TALLER
B21: Descripción | C21: Unidad | D21: Tiempo | E21: Cantidad | F21: Precio-Unit. | G21: Valor Total.
G22: Sub-Total | H22: =0 -> 0
B23: III. MATERIAL EDUCATIVO
B24: Descripción | C24: Unidad | D24: Tiempo | E24: Cantidad | F24: Precio-Unit. | G24: Valor Total.
G25: Sub-Total | H25: =0 -> 0
E26: TOTAL
F27: Total Costo Directo | H27: =H22+H19+H25 -> 46100000
G29: TOTAL | H29: =H27 -> 46100000

Sheet A.3.4
B2: REPUBLICA DE COLOMBIA MUNICIPIO DE HATONUEVO | D2: ANÁLISIS DE COSTOS
B5: IMPLEMENTACIÓN DE ESTRATEGIAS PROMOCIONALES Y DE PREVENCIÓN DE LAS CONDUCTAS AUTODESTRUCTIVAS Y DE SUICIDIO QUE AFECTAN LA SALUD MENTAL EN LA INFANCIA, ADOLESCENCIA Y JÓVENES EN EL MUNICIPIO DE HATONUEVO – LA GUAJIRA
B7: 3. Desarrollar acciones articuladas con instituciones, actores y sectores competentes para la prevención y atención de conductas autodestructivas e intento suicida en infancia, adolescentes y jóvenes. | G7: ESPECIFICACIÓN:
B8: ITEM: | G8: UNIDAD : | H8: ='PRESUPUESTO GENERAL'!C23 -> Contratos del traslado y transporte requerido
B9: ='PRESUPUESTO GENERAL'!B23 -> A.3.4 Contratar el Traslado y transporte de los profesionales para la ejecucion de las actividades de promoción (1 Vehículo) | G9: CANT | H9: ='PRESUPUESTO GENERAL'!D23 -> 4
B11: I. CAMPAÑA PUBLICITARIA
B12: Descripción | C12: Unidad | D12: Tiempo | E12: Cantidad | F12: Precio-Unit. | G12: Valor Total.
G14: Sub-Total | H14: =0 -> 0
B15: II. TALLER
B16: Descripción | C16: Unidad | D16: Tiempo | E16: Cantidad | F16: Precio-Unit. | G16: Valor Total.
B17: Transporte | C17: Und | D17: 1 | E17: 1 | F17: 5500000 | G17: =E17*F17*D17 -> 5500000
G18: Sub-Total | H18: =SUM(G17:G17) -> 5500000
B19: III. MATERIAL EDUCATIVO
B20: Descripción | C20: Unidad | D20: Tiempo | E20: Cantidad | F20: Precio-Unit. | G20: Valor Total.
G21: Sub-Total | H21: =0 -> 0
E22: TOTAL
F23: Total Costo Directo | H23: =H18+H14+H21 -> 5500000
G25: TOTAL | H25: =H23 -> 5500000

Sheet A.3.5
B2: REPUBLICA DE COLOMBIA MUNICIPIO DE HATONUEVO | D2: ANÁLISIS DE COSTOS
B5: IMPLEMENTACIÓN DE ESTRATEGIAS PROMOCIONALES Y DE PREVENCIÓN DE LAS CONDUCTAS AUTODESTRUCTIVAS Y DE SUICIDIO QUE AFECTAN LA SALUD MENTAL EN LA INFANCIA, ADOLESCENCIA Y JÓVENES EN EL MUNICIPIO DE HATONUEVO – LA GUAJIRA
B7: 3. Desarrollar acciones articuladas con instituciones, actores y sectores competentes para la prevención y atención de conductas autodestructivas e intento suicida en infancia, adolescentes y jóvenes. | G7: ESPECIFICACIÓN:
B8: ITEM: | G8: UNIDAD : | H8: ='PRESUPUESTO GENERAL'!C24 -> Evento de Clausura del proyecto Implementacion de estrategias promocionales y de prevencion de las conductas autodestructivas y de suicidio en adolescente y jovenes como problema de salud publica en el municipio de Hatonuevo – La Guajira
B9: ='PRESUPUESTO GENERAL'!B24 -> A.3.5 Realizar un (1) Cierre y/o Clausura del proyecto Implementacion de estrategias promocionales y de prevencion de las conductas autodestructivas y de suicidio en adolescente y jovenes como problema de salud publica en el municipio de Hatonuevo – La Guajira | G9: CANT | H9: ='PRESUPUESTO GENERAL'!D24 -> 1
B11: I. CAMPAÑA PUBLICITARIA
B12: Descripción | C12: Unidad | D12: Tiempo | E12: Cantidad | F12: Precio-Unit. | G12: Valor Total.
B13: Pendones alusivos al proyecto | C13: und | D13: 1 | G13: =F13*E13 -> 0
G15: Sub-Total | H15: =SUM(G13:G13) -> 0
B16: II. TALLER
B17: Descripción | C17: Unidad | D17: Tiempo | E17: Cantidad | F17: Precio-Unit. | G17: Valor Total.
B18: Talento Humano | C18: und | D18: 1 | E18: 2 | F18: 1500000 | G18: =F18*E18 -> 3000000
B19: Alquiler de video beam | C19: Dias | D19: 1 | E19: 1 | F19: 150000 | G19: =F19*E19 -> 150000
B20: Alquiler de computadores | C20: Dias | D20: 1 | E20: 1 | F20: 150000 | G20: =F20*E20 -> 150000
B21: Refrigerio | C21: und | D21: 1 | E21: 200 | F21: 8000 | G21: =F21*E21 -> 1600000
B22: Alquiler de equipo de sonido | C22: Dias | D22: 1 | E22: 1 | F22: 500000 | G22: =F22*E22 -> 500000
B23: Alquiler sillas | C23: Und | D23: 1 | E23: 200 | F23: 4000 | G23: =E23*F23 -> 800000
B24: Elementos Bioseguridad | C24: Und | G24: =E24*F24 -> 0
G25: Sub-Total | H25: =SUM(G18:G24) -> 6200000
B26: III. MATERIAL EDUCATIVO
B27: Descripción | C27: Unidad | D27: Tiempo | E27: Cantidad | F27: Precio-Unit. | G27: Valor Total.
G28: Sub-Total | H28: =0 -> 0
E29: TOTAL
F30: Total Costo Directo | H30: =H25+H15+H28 -> 6200000
G32: TOTAL | H32: =H30 -> 6200000

Sheet ADICCIONAL
B2: REPUBLICA DE COLOMBIA MUNICIPIO DE HATONUEVO | D2: ANÁLISIS DE COSTOS
B5: IMPLEMENTACIÓN DE ESTRATEGIAS PROMOCIONALES Y DE PREVENCIÓN DE LAS CONDUCTAS AUTODESTRUCTIVAS Y DE SUICIDIO QUE AFECTAN LA SALUD MENTAL EN LA INFANCIA, ADOLESCENCIA Y JÓVENES EN EL MUNICIPIO DE HATONUEVO – LA GUAJIRA
B7: Fortalecer las acciones de prevención a través de los espacios de escucha comunitaria que permita lograr mayor acercamiento y sensibilización de padres de familia, cuidadores y adultos, frente a las afectaciones de salud mental que padecen los niños, adolescentes y jóvenes en el municipio de Hatonuevo. | G7: ESPECIFICACIÓN:
B8: ITEM: | G8: UNIDAD : | H8: ='PRESUPUESTO GENERAL'!C29 -> 0
B9: ='PRESUPUESTO GENERAL'!B29 -> 0 | G9: CANT | H9: ='PRESUPUESTO GENERAL'!D29 -> 0
B11: I. CAMPAÑA PUBLICITARIA
B12: Descripción | C12: Unidad | D12: Tiempo | E12: Cantidad | F12: Precio-Unit. | G12: Valor Total.
B13: Pendones alusivos al proyecto | C13: und | D13: 1 | E13: 2 | F13: 180000 | G13: =F13*E13 -> 360000
G15: Sub-Total | H15: =SUM(G13:G13) -> 360000
B16: II. TALLER
B17: Descripción | C17: Unidad | D17: Tiempo | E17: Cantidad | F17: Precio-Unit. | G17: Valor Total.
B18: Talento Humano | C18: und | D18: 1 | E18: 8 | F18: 300000 | G18: =F18*E18 -> 2400000
B19: Alquiler de video beam | C19: Dias | D19: 1 | E19: 1 | F19: 150000 | G19: =F19*E19 -> 150000
B20: Alquiler de computadores | C20: Dias | D20: 1 | E20: 1 | F20: 150000 | G20: =F20*E20 -> 150000
B21: Alquiler sillas | C21: Und | D21: 1 | E21: 95 | F21: 2000 | G21: =E21*F21 -> 190000
B22: Elementos Bioseguridad | C22: Und | D22: 1 | E22: 1 | F22: 500000 | G22: =E22*F22 -> 500000
G23: Sub-Total | H23: =SUM(G18:G22) -> 3390000
B24: III. MATERIAL EDUCATIVO
B25: Descripción | C25: Unidad | D25: Tiempo | E25: Cantidad | F25: Precio-Unit. | G25: Valor Total.
G26: Sub-Total | H26: =0 -> 0
E27: TOTAL
F28: Total Costo Directo | H28: =H23+H15+H26 -> 3750000
G30: TOTAL | H30: =H28 -> 3750000

Sheet Hoja1
